 Dungeon Crawl Stone Soup version 0.27.1-34-g3ba077fa99 (webtiles) character file.

Game seed: 121768149239081331

1203 Gengis the Archer (level 8, -5/67 HPs)
             Began as a Minotaur Hunter on Jan 28, 2022.
             Was a Priest of Nemelex Xobeh.
             Shot with an arrow by a centaur (12 damage)
             ... on level 6 of the Dungeon.
             The game lasted 00:12:26 (5317 turns).

Gengis the Archer (Minotaur Hunter)                 Turns: 5317, Time: 00:12:27

Health: -5/67      AC:  9    Str: 18    XL:     8   Next: 21%
Magic:  7/7        EV: 12    Int:  8    God:    Nemelex Xobeh [***...]
Gold:   193        SH:  0    Dex: 18    Spells: 7/7 levels left

rFire    . . .     SeeInvis .   a - +1 shortbow
rCold    . . .     Faith    .   (shield currently unavailable)
rNeg     . . .     Spirit   .   h - +0 chain mail
rPois    .         Reflect  .   (helmet restricted)
rElec    .         Harm     .   (no cloak)
rCorr    .         Rampage  .   (no gloves)
Will     .....                  (no boots)
Stlth    ..........             (no amulet)
HPRegen  0.21/turn              k - +6 ring of dexterity
MPRegen  0.10/turn              m - +4 ring of evasion

@: no status effects
A: horns 2, retaliatory headbutt
a: Renounce Religion, Draw Escape, Draw Destruction, Draw Summoning, Triple Draw


You were on level 6 of the Dungeon.
You worshipped Nemelex Xobeh.
Nemelex Xobeh was most pleased with you.
You visited 1 branch of the dungeon, and saw 6 of its levels.

You collected 193 gold pieces.

Inventory:

Hand Weapons
 a - a +1 shortbow (weapon)
 j - a +2 dire flail of protection
 n - a +2 dagger of speed
 q - a +2 mace of draining
Missiles
 d - 78 arrows (quivered ammo)
 o - 3 curare-tipped darts
Armour
 h - a +0 chain mail (worn)
 p - a +2 buckler
Jewellery
 c - a ring of protection from fire
 k - a +6 ring of dexterity (left hand)
 m - a +4 ring of evasion (right hand)
Scrolls
 f - a scroll of noise
 g - a scroll of teleportation {unknown}
 s - a scroll of vulnerability {unknown}
Potions
 b - a potion of attraction
 e - a potion of resistance
 i - a potion of magic
 l - a potion of curing {unknown}
 r - 2 potions of cancellation {unknown}


   Skills:
 + Level 4.6 Fighting
 * Level 4.4 Short Blades
 + Level 8.3 Bows
 + Level 5.2 Armour
 + Level 2.9 Dodging
 + Level 0.8 Stealth
 + Level 1.1 Shields


You had 7 spell levels left.
You didn't know any spells.
Your spell library contained the following spells:

 Spells                   Type           Power      Damage    Failure   Level
 Dazzling Flash           Conj/Hex       0%         N/A       100%        3
 Inner Flame              Hex/Fire       0%         N/A       100%        3
 Ozocubu's Armour         Ice            0%         N/A       100%        3
 Cause Fear               Hex            0%         N/A       100%        4
 Agony                    Necr           0%         N/A       100%        5
 Silence                  Hex/Air        0%         N/A       100%        5
 Ozocubu's Refrigeration  Ice            0%         4d5       100%        7
 Discord                  Hex            0%         N/A       100%        8


Dungeon Overview and Level Annotations

Branches:
Dungeon (6/15)             Temple (0/1) D:5

Altars:
Ashenzari
Fedhas
Kikubaaqudgha
Nemelex Xobeh
The Shining One


Innate Abilities, Weirdness & Mutations

You have a pair of horns on your head.
You reflexively headbutt those who attack you in melee.


Message History

The magic dart hits you.
The centaur shoots an arrow.
The arrow hits you.
The orc wizard points at you and mumbles some strange words.
The magic dart hits you but does no damage.
You shoot an arrow. The arrow barely misses the centaur.
The arrow hits the orc wizard but does no damage.
The orc wizard is severely wounded.
The centaur shoots an arrow.
The arrow hits you but does no damage.
You shoot an arrow. The arrow hits the orc wizard.
The orc wizard is severely wounded.
The centaur shoots an arrow.
The arrow hits you.
You shoot an arrow. The arrow barely misses the orc wizard.
The centaur shoots an arrow.
The arrow hits you!
You are too injured to fight recklessly!
Unknown command.
The centaur shoots an arrow.
The arrow closely misses you. The orc wizard casts a spell at you.
The puff of flame hits you!
The centaur shoots an arrow.
The arrow barely misses you.
The orc wizard points at you and mumbles some strange words.
The puff of flame hits you.
The centaur shoots an arrow.
The arrow hits you!
* * * LOW HITPOINT WARNING * * *
You draw a card...
You have drawn Velocity.
Nothing appears to happen.
The centaur shoots an arrow.
The arrow hits you!
* * * LOW HITPOINT WARNING * * *
The centaur shoots an arrow.
The arrow misses you.
You draw a card...
You have drawn the Cloud.
Clouds appear around you!
The centaur shoots an arrow.
The arrow hits you.
* * * LOW HITPOINT WARNING * * *
The centaur shoots an arrow.
The arrow barely misses you.
The centaur shoots an arrow.
The arrow hits you.
* * * LOW HITPOINT WARNING * * *
The centaur shoots an arrow.
The arrow hits you.
* * * LOW HITPOINT WARNING * * *
Things that are here:
a +0 leather armour; a +0 club The centaur shoots an arrow.
The arrow misses you.
The centaur shoots an arrow.
The arrow hits you!
You die...
Your body glows with a rainbow of weird colours and disappears.

#......## #...... #.....##
##...... ######.....#
#....... #######.........##
#.......
#....!..........#####.......
#.############[..##.........
##########.....)............
###.................##......
##..........@......#####.....
#...........#####c.## ##....
##<########## ##[.# #... ###
#..# ### #..# #..# #..# #
#..# # ##c# #


You could see a centaur.

Vanquished Creatures
  Sigmund (D:5)
  Edmund (D:5)
  2 ogres (D:6)
  A centaur (D:5)
  2 scorpions (D:5)
  A water moccasin skeleton (D:5)
  A centaur zombie (D:6)
  2 hounds
  A bullfrog skeleton (D:5)
  A centaur skeleton (D:5)
  An iguana (D:5)
  2 orc wizards
  A hound skeleton (D:4)
  3 gnolls (D:5)
  6 adders
  2 white imps
  An ufetubus (D:4)
  2 dart slugs
  8 orcs
  7 ball pythons
  7 bats
  6 endoplasms
  3 giant cockroaches
  7 goblins
  2 hobgoblins
  3 jackals (D:2)
  4 quokkas
  2 frilled lizards
  5 kobolds
  3 rats
88 creatures vanquished.

Vanquished Creatures (collateral kills)
  A water moccasin skeleton (D:4)
  3 killer bees (D:4)
  A gnoll (D:5)
  A hobgoblin (D:4)
  A kobold (D:4)
7 creatures vanquished.

Vanquished Creatures (others)
  A plant (D:4)
1 creature vanquished.

Grand Total: 96 creatures vanquished

Notes
Turn   | Place    | Note
-------+----------+-------------------------------------------
     0 | D:1      | Gengis the Minotaur Hunter began the quest for the Orb.
     0 | D:1      | Reached XP level 1. HP: 18/18 MP: 0/0
   335 | D:1      | Reached XP level 2. HP: 23/25 MP: 1/1
   336 | D:1      | Reached skill level 5 in Bows
   658 | D:2      | Reached XP level 3. HP: 30/30 MP: 2/2
   909 | D:2      | Reached skill level 1 in Armour
  1020 | D:2      | Found a faded altar of an unknown god.
  1030 | D:2      | Became a worshipper of Nemelex Xobeh the Trickster
  1030 | D:2      | Reached * piety under Nemelex Xobeh
  1186 | D:2      | Received a gift from Nemelex Xobeh
  1303 | D:2      | Reached XP level 4. HP: 37/37 MP: 3/3
  1708 | D:3      | Reached ** piety under Nemelex Xobeh
  1716 | D:3      | Found a broken altar of Ashenzari.
  2077 | D:3      | Reached skill level 1 in Short Blades
  2077 | D:3      | Reached skill level 6 in Bows
  2077 | D:3      | Reached XP level 5. HP: 37/45 MP: 4/4
  2503 | D:4      | Received a gift from Nemelex Xobeh
  2960 | D:4      | Reached *** piety under Nemelex Xobeh
  3008 | D:4      | Found a blossoming altar of Fedhas.
  3008 | D:4      | Found a glowing golden altar of the Shining One.
  3315 | D:5      | Entered Level 5 of the Dungeon
  3333 | D:5      | Reached XP level 6. HP: 40/51 MP: 5/5
  3475 | D:5      | Noticed Edmund
  3511 | D:5      | Killed Edmund
  3680 | D:5      | Reached XP level 7. HP: 51/58 MP: 6/6
  3688 | D:5      | Reached skill level 1 in Shields
  3753 | D:5      | Found an ancient bone altar of Kikubaaqudgha.
  3767 | D:5      | Received a gift from Nemelex Xobeh
  3789 | D:5      | Noticed Sigmund
  3830 | D:5      | Identified the -1 hand axe of Vanity {freeze, rF++ Int+8
                  | Dex-5}
  4135 | D:6      | Reached skill level 7 in Bows
  4732 | D:5      | Reached skill level 5 in Armour
  4820 | D:5      | Killed Sigmund
  4821 | D:5      | Reached skill level 8 in Bows
  4821 | D:5      | Reached XP level 8. HP: 60/67 MP: 7/7
  5031 | D:5      | Received a gift from Nemelex Xobeh
  5058 | D:5      | Found a staircase to the Ecumenical Temple.
  5317 | D:6      | Shot with an arrow by a centaur

Illustrated notes

Levels and vault maps discovered:
D:1:      mainiacjoe_arrival_reflecting_pool, layout_basic,
          minmay_misc_feat_iff, roderic_malta_cross
D:2:      layout_basic, ebering_ecumenical_altar_sacrificial,
          serial_corexii_hall, corexii_hall_statues_l, chequers_hall_statues_y,
          corexii_hall_statues_s, kennysheep_generic_room_6
D:3:      layout_basic, nicolae_ashenzari_skybound, serial_corexii_hall,
          corexii_hall_statues_l, chequers_hall_statues_wall_a,
          minmay_misc_feat_doors
D:4:      layout_cave_pods, gammafunk_temple_overflow_elements, serial_bayou,
          serial_bayou_pond_c, serial_bayou_pond_c, serial_bayou_pond_d,
          minmay_crystal_water
D:5:      lemuel_ice_spiral_2, layout_basic, mainiacjoe_overflow_tiny_flanked,
          minmay_temple_entry_poolview, uniq_edmund, uniq_sigmund
D:6:      layout_cave_pods

Skill      XL: |  1  2  3  4  5  6  7 |
---------------+----------------------+-----
Bows           | 5 6 8 |  8.3
Armour         | 1 3 4 5 |  5.2
Fighting       | 3 4 |  4.6
Short Blades   | 1 2 3 4 |  4.4
Shields        | 1 |  1.1
Dodging        | |  2.9
Stealth        | |  0.8

Action                   |  1- 3 |  4- 6 |  7- 9 || total
-------------------------+-------+-------+-------++-------
Melee: Short sword       |    14 |    13 |       ||    27
       Headbutt          |     1 |    25 |     1 ||    27
       Dagger            |       |    88 |       ||    88
       Dire flail        |       |       |     4 ||     4
 Fire: Shortbow          |    94 |    12 |    99 ||   205
Invok: Draw Summoning    |       |     1 |     1 ||     2
       Draw Escape       |       |       |     4 ||     4
       Draw Destruction  |       |       |     1 ||     1
  Use: Scroll            |       |     2 |     4 ||     6
Armor: Leather armour    |     4 |       |       ||     4
       Chain mail        |    16 |    41 |    29 ||    86
Dodge: Dodged            |    32 |    20 |    48 ||   100
Block: Kite shield       |       |     4 |       ||     4
       Buckler           |       |    10 |       ||    10
